AoeStats
← 从不压堡之人

Lombardia

507973880Analyzed
4v4 RM · 12d ago on Sep 20, 2026· 32m 40s· 8 players
Game mode
Random Map
Map size
Large (8 player)
Population
200
Speed
Normal
Resources
Standard
Victory
Conquest
Starting age
Dark Age
Ending age
Imperial Age
RankedLock teamsTeams togetherTeam positionsShared explorationLock speedFull tech treeHidden civsTurbo modeCheats
Victory
Defeat
🇨🇳 Italians · China
1253
+13
🇦🇺 Wu · Australia
1252
+13
🇮🇳 Gurjaras · India
1250
+13
🇹🇼 Poles · Taiwan
1232
+14
🇨🇳 Mongols · China
1339
-19
🇨🇳 Mongols · China
1245
-15
1097
-10
1058
-9
bimurock
5:30 Loom
12:14 Feudal Age
13:03 Stone Mining
13:03 Gold Mining
16:50 Castle Age
15:23 Horse Collar
16:18 Forging
22:39 Double-Bit Axe
24:32 Wheelbarrow
29:39 Stone Shaft Mining
29:51 Hand Cart
29:51 Bow Saw
29:44 Heavy Plow
32:24 Szlachta Privileges
Mezsar
6:54 Loom
9:09 Feudal Age
10:12 Double-Bit Axe
11:06 Horse Collar
16:27 Forging
17:47 Wheelbarrow
19:13 Scale Barding Armor
22:19 Bloodlines
30:36 Castle Age
29:51 Gold Mining
31:25 Husbandry
32:04 Iron Casting
Alicat
9:04 Feudal Age
9:30 Loom
10:02 Man-at-Arms
11:16 Double-Bit Axe
23:04 Scale Mail Armor
27:38 Wheelbarrow
27:45 Horse Collar
29:54 Town Watch
32:23 Castle Age
31:18 Forging
_OMO_
0:33 Loom
10:19 Feudal Age
11:04 Double-Bit Axe
16:55 Castle Age
16:57 Double-Bit Axe
17:24 Stone Mining
23:37 Gold Mining
24:44 Fletching
27:31 Padded Archer Armor
29:05 Bodkin Arrow
30:39 Leather Archer Armor
叫声乌鸦哥
7:58 Feudal Age
8:37 Double-Bit Axe
10:08 Loom
14:58 Forging
16:04 Scale Barding Armor
18:08 Wheelbarrow
21:08 Town Watch
24:07 Castle Age
22:03 Gold Mining
25:00 Husbandry
25:16 Bow Saw
25:47 Chain Barding Armor
25:10 Horse Collar
25:48 Bloodlines
25:39 Light Cavalry
26:36 Heavy Plow
30:09 Hand Cart
从不压堡之人
8:29 Feudal Age
9:20 Double-Bit Axe
9:29 Horse Collar
11:16 Bloodlines
14:56 Forging
15:53 Scale Barding Armor
19:10 Wheelbarrow
20:54 Scale Mail Armor
23:49 Castle Age
22:10 Loom
22:37 Arson
23:54 Stone Mining
25:05 Chain Mail Armor
25:25 Iron Casting
26:43 Iron Casting
26:59 Squires
27:39 Bow Saw
29:52 Grand Trunk Road
32:41 Hand Cart
洗心革面重新做人TownYan
8:53 Feudal Age
10:09 Double-Bit Axe
10:53 Bloodlines
10:34 Horse Collar
13:50 Bloodlines
14:33 Forging
17:48 Scale Barding Armor
21:45 Wheelbarrow
21:45 Gold Mining
24:42 Castle Age
24:44 Fletching
25:21 Bodkin Arrow
25:37 Bow Saw
26:04 Gold Shaft Mining
25:43 Thumb Ring
25:57 Husbandry
25:39 Light Cavalry
29:23 Padded Archer Armor
32:13 Heavy Plow
33:18 Ballistics
LLK是给
8:35 Feudal Age
9:47 Double-Bit Axe
11:00 Horse Collar
16:39 Scale Barding Armor
18:04 Wheelbarrow
17:57 Forging
18:33 Bloodlines
21:21 Gold Mining
21:50 Town Watch
25:22 Castle Age
25:27 Light Cavalry
26:31 Chain Barding Armor
26:26 Bow Saw
26:17 Heavy Plow
26:05 Loom
26:32 Husbandry
27:26 Iron Casting
28:55 Gold Shaft Mining
Connection lost

Rejoining the realm…

Still unreachable

The connection could not be restored.

Session expired

The server has moved on; the page needs a fresh start.